 Dungeon Crawl Stone Soup version 0.28-a0-769-g550dbda0cd (webtiles) character file.

Game seed: 12646373086136388729

417 funkygono the Firebug (level 6, -2/33 HPs)
             Began as a Gargoyle Fire Elementalist on Nov 1, 2021.
             Splashed by a jelly's acid (7 damage)
             ... on level 4 of the Dungeon.
             The game lasted 00:07:01 (3783 turns).

funkygono the Firebug (Gargoyle Fire Elementalist)  Turns: 3783, Time: 00:07:03

Health: -2/33      AC:  4    Str: 12    XL:     6   Next: 93%
Magic:  1/11       EV: 11    Int: 17    God:
Gold:   136        SH:  0    Dex: 10    Spells: 2/12 levels left

rFire   . . .      SeeInvis .   m - +0 flail
rCold   . . .      Faith    .   (no shield)
rNeg    + + .      Spirit   .   o - +0 leather armour {rN+}
rPois   ∞          Reflect  .   (no helmet)
rElec   +          Harm     .   (no cloak)
rCorr   .          Rampage  .   (no gloves)
Will    .....                   e - +0 pair of boots
Stlth   ++........              (no amulet)
HPRegen 0.11/turn               (no ring)
MPRegen 0.12/turn               (no ring)

@: corroded
A: sickness immunity, AC +4, negative energy resistance 1, electricity
resistance, torment resistance 1, petrification resistance
a: no special abilities


You were on level 4 of the Dungeon.
You visited 1 branch of the dungeon, and saw 4 of its levels.

You collected 136 gold pieces.

Inventory:

Hand Weapons
 b - a +0 club
 f - a +0 mace
 m - a +0 flail (weapon)
Missiles
 d - 118 stones
Armour
 a - a +0 robe
 e - a +0 pair of boots (worn)
 o - a +0 leather armour of positive energy (worn)
Scrolls
 g - a scroll of vulnerability {unknown}
 h - 2 scrolls of noise
Potions
 c - 4 potions of curing
 i - a potion of lignification {unknown}
 j - 2 potions of haste
 k - a potion of attraction {unknown}
 l - a potion of heal wounds {unknown}


   Skills:
 + Level 0.3 Fighting
 + Level 0.2 Maces & Flails
 + Level 2.3 Dodging
 - Level 2.1 Stealth
 * Level 3.9 Spellcasting
 * Level 3.8 Conjurations
 * Level 4.9 Fire Magic


You had 2 spell levels left.
You knew the following spells:

 Your Spells              Type           Power      Damage    Failure   Level
a - Foxfire               Conj/Fire      72%        2x1d7     3%          1
b - Scorch                Fire           40%        2d7       4%          2
c - Conjure Flame         Conj/Fire      18%        6-21      10%         3
d - Flame Wave            Conj/Fire      18%        3d5       32%         4

Your spell library contained the following spells:

 Spells                   Type           Power      Damage    Failure   Level
 Inner Flame              Hex/Fire       11%        N/A       22%         3


Dungeon Overview and Level Annotations

Branches:
Dungeon (4/15)
 Temple: D:4-7

Altars:
Uskayaw

Shops:
D:1 *

Annotations:
D:3 3 runed translucent doors, TheNamelessOne's ghost, amateur FoFi; funkygono's ghost, novice GrFE; sn0wgr3's ghost, amateur MiFi


Innate Abilities, Weirdness & Mutations

You are immune to sickness and miasma.
Your stone body is resilient. (AC +4)
You are immune to poison.
You resist negative energy. (rN+)
You are resistant to electric shocks. (rElec)
You are resistant to unholy torment.
You are immune to petrification.


Message History

Casting: Foxfire (safe; 3% risk of failure)
Confirm with . or Enter, or press ? or * to list all spells.
You conjure some foxfire!
The foxfire hits the orc priest but does no damage.
The orc priest is lightly wounded.
Unknown command.
Casting: Foxfire (safe; 3% risk of failure)
Confirm with . or Enter, or press ? or * to list all spells.
Flames lash the orc priest.
The orc priest is severely wounded.
The orc priest's fire resistance burns away.
The foxfire hits the orc priest.
The orc priest is burned terribly!
The orc priest is almost dead.
The foxfire hits the orc priest.
You kill the orc priest!
The foxfire hits the jelly.
The jelly is moderately wounded.
Casting: Scorch (safe; 4% risk of failure)
Confirm with . or Enter, or press ? or * to list all spells.
You conjure some foxfire!
Casting: Foxfire (safe; 3% risk of failure)
Confirm with . or Enter, or press ? or * to list all spells.
You don't have enough magic to cast this spell.
Unknown command.
The foxfire hits the jelly.
The jelly is heavily wounded.
The foxfire hits the jelly.
The jelly is severely wounded.
The jelly barely misses you.
You hit the jelly.
Your hands burn!
The jelly is almost dead.
The jelly hits you. The acid corrodes you!
You are splashed with acid!
You hit the jelly but do no damage.
Your hands burn!
The jelly is almost dead.
The jelly hits you.
You are splashed with acid!
* * * LOW HITPOINT WARNING * * *
The jelly hits you.
* * * LOW HITPOINT WARNING * * *
You are splashed with acid!
You die...

#.l #.#.#.##. #.# #.#..#...
#.# #.#.##.## #.# #..###.#
#.# ###.##.##
#######.######.#.#s.. #
#........†....###....
#.#.#.#####..##.##.#..##.
##..).<†J@....##.# #.#.##.
...............)......#.##.
#####.#.######.##.### #.##.
#.#..# #.##.# #.##. #.###..
#.##.# ..... ## ..# #.##.#
#.. . #.# #.# #.. .. ##


You could see a jelly.

Vanquished Creatures
  An ogre (D:4)
  A scorpion (D:4)
  A hound (D:2)
  An orc priest (D:4)
  2 iguanas (D:4)
  An orc wizard (D:3)
  6 adders
  3 worms (D:2)
  A dart slug (D:1)
  7 orcs
  8 endoplasms
  3 giant cockroaches (D:2)
  4 hobgoblins
  2 jackals (D:2)
  4 kobolds
  2 quokkas
  9 ball pythons
  4 bats
  2 frilled lizards (D:3)
  11 goblins
  6 rats
79 creatures vanquished.

Vanquished Creatures (others)
  230 foxfires
  2 plants (D:1)
232 creatures vanquished.

Grand Total: 311 creatures vanquished

Notes
Turn   | Place    | Note
-------+----------+-------------------------------------------
     0 | D:1      | funkygono the Gargoyle Fire Elementalist began the quest
                  | for the Orb.
     0 | D:1      | Reached XP level 1. HP: 10/10 MP: 3/3
   334 | D:1      | Reached XP level 2. HP: 15/15 MP: 1/5
   337 | D:1      | Learned a level 2 spell: Scorch
   989 | D:1      | Found Ralir's Assorted Antiques.
  1022 | D:1      | Reached XP level 3. HP: 19/19 MP: 2/6
  1027 | D:1      | Learned a level 3 spell: Conjure Flame
  1520 | D:2      | Reached XP level 4. HP: 24/24 MP: 2/8
  2367 | D:2      | Found a faded altar of an unknown god.
  2459 | D:2      | Reached XP level 5. HP: 8/28 MP: 1/9
  2802 | D:3      | Found a hide-covered altar of Uskayaw.
  3005 | D:3      | Reached skill level 4 in Fire Magic
  3183 | D:3      | Found a runed translucent gate.
  3184 | D:3      | Found a runed translucent gate.
  3184 | D:3      | Found a runed translucent gate.
  3187 | D:3      | Noticed TheNamelessOne's ghost (amateur FoFi)
  3187 | D:3      | Noticed sn0wgr3's ghost (amateur MiFi)
  3187 | D:3      | Noticed funkygono's ghost (novice GrFE)
  3484 | D:3      | Learned a level 4 spell: Flame Wave
  3543 | D:4      | Noticed an ogre
  3550 | D:4      | Killed an ogre
  3551 | D:4      | Reached XP level 6. HP: 33/33 MP: 2/11
  3783 | D:4      | Splashed by a jelly's acid

Illustrated notes

Levels and vault maps discovered:
D:1:      arrival_zaba_pyramid, layout_rooms, serial_shops,
          nicolae_shop_overgrown_old_shop, chequers_serial_rivers_marsh
D:2:      layout_loops_corners, shapermc_ecumenical_altar_petra
D:3:      layout_rooms, eat_drink_and_be_merry_uskayaw,
          gammafunk_ghost_cemetery, serial_rivers,
          chequers_serial_rivers_micro_a, chequers_serial_rivers_micro_c,
          chequers_serial_rivers_large_a, chequers_serial_rivers_micro_a,
          chequers_serial_rivers_room_a, hangedman_feature_mirror
D:4:      layout_loops_ring, overflow_temple_1_default, minitemple, uniq_ijyb

Skill      XL: |  1  2  3  4  5 |
---------------+----------------+-----
Conjurations   | 2 3 |  3.8
Spellcasting   | 3 |  3.9
Dodging        | 2 |  2.3
Fire Magic     | 4 |  4.9
Fighting       | |  0.3
Maces & Flails | |  0.2
Stealth        | |  2.1

Action                   |  1- 3 |  4- 6 || total
-------------------------+-------+-------++-------
Melee: Club              |    11 |    21 ||    32
       Flail             |       |     4 ||     4
 Cast: Foxfire           |    59 |    77 ||   136
       Scorch            |       |    18 ||    18
  Use: Scroll            |       |     6 ||     6
Armor: Robe              |     5 |    38 ||    43
       Leather armour    |       |     1 ||     1
Dodge: Dodged            |    10 |    60 ||    70

Table legend: (Time is in decaauts)
 A = Elapsed time spent in this place.
 B = Non-inter-level travel time spent in this place.
 C = Inter-level travel time spent in this place.
 D = Time resting spent in this place.
 E = Time spent auto-exploring this place.
 F = Levels seen in this place.
 G = Mean time per level.
                   A        B        C        D        E       F      G
               +--------+--------+--------+--------+--------+-----+--------+
         Total |   3800 |   3710 |     90 |    339 |   2765 |   4 |  950.0 |
       Dungeon |   3800 |   3710 |     90 |    339 |   2765 |   4 |  950.0 |
               +--------+--------+--------+--------+--------+-----+--------+

Top non-repeatable levels by time:
     D:2: 1602 daAuts
     D:1: 1172 daAuts
     D:3: 738 daAuts
     D:4: 287 daAuts
